 Dungeon Crawl Stone Soup version bcrawl-1.37.2 (webtiles) character file.

Game seed: 6953562155065530041

137790 Mehrunes the Distorting Demonspawn (level 4, -2/35 HPs)
             Began as a Demonspawn Abyssal Knight on Oct 24, 2022.
             Was a Believer of Lugonu.
             Killed from afar by Natasha (4 damage)
             ... with a magic dart
             ... on level 3 of the Dungeon.
             The game lasted 00:05:03 (2258 turns).

Mehrunes the Distorting Demonspawn (DsAK)           Turns: 2258, Time: 00:05:04

Health: -2/35      AC:  5    Str: 14    XL:     4   Next: 82%
Magic:  7/7        EV: 12    Int: 12    God:    Lugonu [**....]
Gold:   221        SH:  0    Dex: 13    Spells: 3/3 levels left

rFire    + . .     GDR:     26% k - +0 whip (elec)
rCold    + + .     SeeInvis .   (no shield)
rNeg     . . .     Gourm    .   b - +0 ring mail
rPois    +         Faith    .   (no helmet)
rElec    +         Spirit   .   (no cloak)
rCorr    +         Reflect  .   (no gloves)
MR       .....                  (no boots)
Stlth    +.........             (no amulet)
HPRegen  0.15/turn              (no ring)
MPRegen  0.10/turn              (no ring)

@: lethally poisoned (-2 -> -3), resistant, very slightly contaminated, hasted
and slowed, invisible
A: talons 1, repulsion field 1, cold resistance 1
a: Depart the Abyss, Bend Space, Banish, Renounce Religion


You were on level 3 of the Dungeon.
You worshipped Lugonu.
Lugonu was pleased with you.
You were not hungry.

You visited 1 branch of the dungeon, and saw 3 of its levels.
You visited the Abyss 1 time.

You collected 221 gold pieces.

Inventory:

Hand Weapons
 a - a +0 flail
 k - a +0 whip of electrocution (weapon)
 m - a +0 whip of flaming
 v - a +1 dagger of venom
Missiles
 c - 7 tomahawks of dispersal (quivered) {=f}
 d - 833 stones
Armour
 b - a +0 ring mail (worn)
 j - a +0 helmet
Jewellery
 o - an uncursed ring of protection from cold {unknown}
 y - an uncursed ring of stealth {unknown}
Wands
 s - a wand of acid (4)
 x - a wand of digging (11)
Scrolls
 f - 3 scrolls of teleportation {unknown}
 g - 2 scrolls of remove curse {unknown}
 h - a scroll of amnesia {unknown}
 i - 4 scrolls of identify
 n - a scroll of enchant weapon {unknown}
 p - a scroll of fear {unknown}
 r - a scroll of blinking {unknown}
 u - 2 scrolls of fog {unknown}
Potions
 l - a potion of invisibility
Comestibles
 e - 5 rations {!d}
 t - 4 chunks of flesh


   Skills:
 - Level 3.0 Fighting
 + Level 3.4 Maces & Flails
 - Level 0.8 Throwing
 - Level 1.7 Armour
 - Level 0.8 Dodging
 + Level 5.1 Invocations


You had 3 spell levels left.
You didn't know any spells.
Your spell library was empty.

Dungeon Overview and Level Annotations

Branches:
Dungeon (3/12)

Altars:

Annotations:
D:3 Natasha


Innate Abilities, Weirdness & Mutations

You have sharp toenails.
You are surrounded by a mild repulsion field. (EV +2)
Your flesh is cold resistant. (rC+)


Message History

You closely miss Natasha. Your kick misses Natasha.
Natasha is severely wounded.
The crimson imp disappears in a puff of smoke!
Natasha claws you but does no damage. The shadow imp closely misses you.
You barely miss Natasha.
Natasha is severely wounded.
The shadow imp hits you.
* * * LOW HITPOINT WARNING * * *
Natasha claws you.
* * * LOW HITPOINT WARNING * * *
It was a potion of haste.
You feel yourself speed up.
You feel sick.
Natasha growls.
Natasha casts a spell at you.
You feel yourself slow down. The shadow imp barely misses you.
It was a potion of resistance.
You feel protected. The shadow imp closely misses you.
Natasha casts a spell at you. The magic dart hits you.
You die...

#.##.###.# #..................#
#........###.#....#############
####.........#.#.##
#####.......#.# #########.# #.#
#.# #5# #@# #h# #.# #.# #..
...# .... ...... ### ##.### #..


You could see Natasha and a shadow imp.

Vanquished Creatures
  Jessica (D:3)
  Natasha (D:3)
  2 adders
  An adder zombie (D:3)
  2 worms (D:3)
  A dart slug (D:2)
  3 leopard geckos
  An orc (D:3)
  A ball python (D:2)
  8 bats
  A giant cockroach (D:1)
  4 goblins
  3 hobgoblins
  A quokka (D:3)
  3 frilled lizards
  7 kobolds
  5 rats
45 creatures vanquished.

Notes
Turn   | Place    | Note
-------+----------+-------------------------------------------
     0 | Abyss:1  | Mehrunes the Demonspawn Abyssal Knight began the quest for
                  | the Orb.
     0 | Abyss:1  | Reached XP level 1. HP: 18/18 MP: 2/2
    17 | D:1      | Escaped the Abyss
   109 | D:1      | Reached skill level 3 in Invocations
   360 | D:1      | Gained mutation: Your flesh is cold resistant. (rC+)
                  | [demonic ancestry]
   360 | D:1      | Reached XP level 2. HP: 23/24 MP: 4/4
   804 | D:2      | Reached ** piety under Lugonu
   948 | D:2      | Gained mutation: You have sharp toenails. [demonic
                  | ancestry]
   948 | D:2      | Reached XP level 3. HP: 28/29 MP: 5/5
  1012 | D:2      | Reached skill level 4 in Invocations
  1617 | D:3      | Noticed Natasha
  1621 | D:3      | Killed Natasha
  1622 | D:3      | Gained mutation: You are surrounded by a mild repulsion
                  | field. (EV +2) [demonic ancestry]
  1622 | D:3      | Reached XP level 4. HP: 35/35 MP: 7/7
  1812 | D:3      | Noticed Jessica
  1826 | D:3      | Killed Jessica
  1977 | D:3      | Noticed an orc warrior
  1977 | D:3      | Noticed a sky beast
  2072 | D:3      | Reached skill level 5 in Invocations
  2228 | D:3      | Noticed Natasha
  2258 | D:3      | Killed from afar by Natasha

Skill      XL: |  1  2  3  4 |
---------------+-------------+-----
Maces & Flails | 2 3 |  3.4
Invocations    | 3 4 5 |  5.1
Fighting       | |  3.0
Throwing       | |  0.8
Armour         | |  1.7
Dodging        | |  0.8

Action                   |  1- 3 |  4- 6 || total
-------------------------+-------+-------++-------
Melee: Flail             |    13 |       ||    13
       Whip              |   109 |    55 ||   164
       Kick              |     8 |    13 ||    21
Throw: Tomahawk          |     2 |     1 ||     3
  Use: Potion            |       |     3 ||     3
  Eat: Chunk             |     5 |     4 ||     9
Armor: Ring mail         |    63 |    15 ||    78
Dodge: Dodged            |    80 |    46 ||   126
